AoeStats
← flynorc

Oasis

508713550Analyzed
4v4 RM · 7d ago on Sep 23, 2026· 58m 0s· 8 players
Game mode
Random Map
Map size
Large (8 player)
Population
200
Speed
Normal
Resources
Standard
Victory
Conquest
Starting age
Dark Age
Ending age
Imperial Age
RankedLock teamsTeams togetherTeam positionsShared explorationLock speedFull tech treeHidden civsTurbo modeCheats
Victory
Defeat
🇨🇳 Turks · China
1373
+15
🇦🇹 Mongols · Austria
1364
+15
🇲🇽 Varangians · Mexico
1359
+16
🇬🇷 Magyars · Greece
1352
+16
🇩🇪 Persians · Germany
1402
-18
🇩🇪 Teutons · Germany
1367
-16
🇩🇪 Ethiopians · Germany
1362
-16
🇦🇹 Saracens · Austria
1269
-12
larysnodder
7:12 Loom
9:52 Feudal Age
15:05 Double-Bit Axe
15:25 Fletching
20:44 Padded Archer Armor
27:37 Castle Age
25:27 Horse Collar
26:56 Gold Mining
27:43 Crossbowman
28:20 Bodkin Arrow
28:43 Leather Archer Armor
29:53 Thumb Ring
32:18 Ballistics
36:42 Bow Saw
36:33 Heavy Plow
37:19 Wheelbarrow
40:29 Imperial Age
38:45 Stone Mining
40:44 Arbalester
41:34 Bracer
44:47 Chemistry
48:24 Elite Skirmisher
50:51 Two-Man Saw
49:39 Elite Skirmisher
53:03 Ring Archer Armor
53:44 Town Watch
56:43 Hand Cart
Razz
10:24 Feudal Age
11:36 Loom
14:51 Castle Age
12:56 Double-Bit Axe
13:19 Horse Collar
20:56 Bloodlines
23:02 Husbandry
24:39 Bow Saw
27:34 Wheelbarrow
27:23 Heavy Plow
28:04 Scale Barding Armor
28:52 Forging
31:25 Chain Barding Armor
37:10 Imperial Age
35:30 Iron Casting
36:43 Hand Cart
37:03 Masonry
38:29 Plate Barding Armor
37:54 Heavy Camel Rider
40:16 Blast Furnace
41:34 Chemistry
41:18 Conscription
42:22 Coinage
42:36 Architecture
42:24 Light Cavalry
47:03 Hussar
49:43 Banking
51:55 Caravan
52:10 Caravan
57:10 Cavalier
Schlingelbub
8:59 Feudal Age
8:16 Loom
10:06 Double-Bit Axe
10:22 Horse Collar
20:36 Castle Age
24:57 Forging
25:51 Wheelbarrow
26:09 Scale Barding Armor
26:58 Bow Saw
28:27 Bloodlines
28:34 Gold Mining
31:25 Chain Barding Armor
31:40 Town Watch
32:40 Iron Casting
32:47 Heavy Plow
34:58 Hand Cart
34:58 Town Patrol
38:43 Imperial Age
38:52 Stone Mining
38:48 Cavalier
40:08 Plate Barding Armor
40:33 Blast Furnace
40:21 Paladin
42:09 Stone Shaft Mining
46:40 Caravan
49:49 Squires
50:17 Pikeman
51:41 Conscription
51:58 Hoardings
51:12 Elite Skirmisher
52:19 Fletching
52:31 Scale Mail Armor
52:10 Halberdier
54:28 Bodkin Arrow
54:33 Padded Archer Armor
57:02 Two-Man Saw
56:52 Chain Mail Armor
56:53 Leather Archer Armor
57:06 Ballistics
57:46 Chemistry
hijacksj
7:26 Loom
13:44 Feudal Age
21:07 Castle Age
20:20 Double-Bit Axe
21:29 Fletching
21:31 Horse Collar
24:09 Crossbowman
27:02 Town Watch
27:48 Bodkin Arrow
28:56 Gold Mining
31:56 Ballistics
32:54 Wheelbarrow
40:03 Imperial Age
38:41 Bow Saw
39:01 Padded Archer Armor
40:46 Bracer
40:08 Arbalester
41:53 Chemistry
42:07 Bracer
43:16 Leather Archer Armor
43:32 Thumb Ring
43:58 Heavy Plow
47:53 Hand Cart
50:21 Ring Archer Armor
49:57 Scale Barding Armor
49:52 Capped Ram
51:02 Siege Ram
52:09 Chain Barding Armor
51:59 Forging
53:49 Husbandry
53:09 Light Cavalry
54:26 Iron Casting
56:55 Blast Furnace
flynorc
8:11 Feudal Age
7:26 Loom
9:21 Double-Bit Axe
13:56 Scale Barding Armor
15:35 Horse Collar
22:07 Castle Age
21:08 Forging
22:08 Bloodlines
22:49 Husbandry
24:24 Bow Saw
26:45 Fletching
27:23 Chain Barding Armor
34:39 Wheelbarrow
36:26 Ballistics
37:33 Gold Mining
40:34 Imperial Age
38:48 Bodkin Arrow
39:06 Masonry
41:08 Hand Cart
40:38 Town Watch
41:49 Conscription
41:30 Bracer
42:41 Chemistry
41:45 Elite Mangudai
42:44 Light Cavalry
47:57 Iron Casting
47:22 Padded Archer Armor
47:24 Murder Holes
47:49 Hussar
50:16 Blast Furnace
49:48 Leather Archer Armor
49:53 Caravan
51:32 Drill
50:34 Capped Ram
52:05 Siege Engineers
52:12 Heavy Plow
52:50 Gold Shaft Mining
52:06 Stone Mining
55:18 Siege Ram
Zzulu
11:03 Feudal Age
13:08 Loom
15:53 Castle Age
14:30 Scale Barding Armor
17:26 Chain Barding Armor
19:29 Double-Bit Axe
25:01 Bow Saw
27:34 Stone Mining
27:39 Gold Mining
27:56 Horse Collar
30:29 Wheelbarrow
29:56 Fletching
30:07 Padded Archer Armor
30:37 Heavy Plow
33:19 Imperial Age
30:54 Town Watch
31:54 Husbandry
32:05 Bloodlines
32:46 Leather Archer Armor
32:27 Bodkin Arrow
32:56 Hand Cart
33:12 Ballistics
33:03 Masonry
33:01 Thumb Ring
34:28 Parthian Tactics
34:41 Conscription
34:51 Heavy Cavalry Archer
35:42 Bracer
35:56 Recurve Bow
35:58 Corvinian Army
36:51 Ring Archer Armor
37:00 Plate Barding Armor
38:07 Two-Man Saw
36:32 Elite Magyar Huszar
39:31 Chemistry
39:44 Gold Shaft Mining
44:05 Siege Engineers
44:03 Scale Mail Armor
44:35 Coinage
51:48 Banking
.|.
5:39 Loom
9:03 Feudal Age
10:59 Bloodlines
11:00 Double-Bit Axe
22:13 Castle Age
20:21 Horse Collar
21:12 Forging
21:08 Scale Barding Armor
21:40 Gold Mining
22:23 Town Watch
23:14 Wheelbarrow
23:19 Husbandry
26:21 Bow Saw
31:13 Heavy Plow
31:29 Hand Cart
33:10 Stone Mining
35:57 Imperial Age
35:36 Fletching
35:47 Padded Archer Armor
37:06 Cranequins
37:06 Heavy Mounted Crossbowman
38:36 Stone Shaft Mining
38:41 Conscription
39:23 Ballistics
40:10 Chemistry
40:59 Bodkin Arrow
41:19 Leather Archer Armor
41:26 Chain Barding Armor
42:16 Pikeman
42:57 Squires
42:44 Arson
42:54 Elite Skirmisher
44:03 Bow Saw
43:51 Halberdier
44:16 Gambesons
45:37 Vendel Legacy
48:46 Bracer
49:17 Ring Archer Armor
49:24 Plate Barding Armor
49:51 Iron Casting
49:17 Scale Mail Armor
苏东坡的粉丝
8:21 Loom
11:02 Feudal Age
11:48 Double-Bit Axe
15:02 Fletching
26:44 Castle Age
25:21 Gold Mining
25:22 Stone Mining
27:03 Padded Archer Armor
28:37 Bow Saw
29:14 Gold Shaft Mining
29:27 Bodkin Arrow
31:29 Wheelbarrow
32:53 Hand Cart
32:48 Horse Collar
35:49 Leather Archer Armor
38:29 Bloodlines
38:33 Scale Barding Armor
38:38 Forging
43:00 Imperial Age
40:49 Heavy Plow
42:34 Iron Casting
44:06 Conscription
43:13 Heavy Camel Rider
44:28 Husbandry
44:46 Hand Cart
46:45 Town Watch
47:36 Chain Barding Armor
49:35 Plate Barding Armor
49:51 Caravan
52:47 Blast Furnace
55:57 Capped Ram
58:24 Bombard Tower
Connection lost

Rejoining the realm…

Still unreachable

The connection could not be restored.

Session expired

The server has moved on; the page needs a fresh start.